 Dungeon Crawl Stone Soup version 0.30-a0-777-ga9a30cbeda (webtiles) character file.

Game seed: 9602999515260466340

59 Smoke131 the Chucker (level 4, -2/67 HPs)
             Began as an Ogre Gladiator on Feb 14, 2023.
             Killed by divine providence
             ... invoked by an orc priest
              (11 damage)
             ... on level 4 of the Dungeon.
             The game lasted 00:11:34 (1855 turns).

Smoke131 the Chucker (Ogre Gladiator)               Turns: 1855, Time: 00:11:35

Health: -2/67      AC: 22    Str: 18    XL:     4   Next: 3%
Magic:  4/4        EV:  1    Int:  9    God:
Gold:   55         SH:  0    Dex: 12    Spells: 3/3 levels left

rFire   + . .      SeeInvis .    j - +0 short sword (flame)
rCold   + . .      Faith    .    (no shield)
rNeg    . . .      Spirit   .    (body armour currently unavailable)
rPois   +          Reflect  .    (helmet currently unavailable)
rElec   +          Harm     .    (cloak currently unavailable)
rCorr   +          Rampage  .    (gloves unavailable)
Will    .....      NoTele   +    (boots unavailable)
Stlth   +                        (no amulet)
HPRegen 0.31/turn                (no ring)
MPRegen 0.09/turn                (no ring)

@: tree-form, resistant, hasted, very quick
A: stationary, stasis, torment immunity, boosted hp, large, unfitting armour,
(tough skin 1), sense surroundings 1
a: no special abilities


You were on level 4 of the Dungeon.
You were a tree.
You visited 1 branch of the dungeon, and saw 4 of its levels.

You collected 55 gold pieces.

Inventory:

Hand Weapons
 a - a +0 flail
 j - a +0 short sword of flaming (weapon)
Missiles
 d - 3 throwing nets
 f - 19 stones (quivered)
Armour
 b - a +0 robe (melded)
 c - a +0 hat (melded)
Wands
 o - a wand of paralysis (8)
Scrolls
 n - a scroll of noise {unknown}
 p - a scroll of enchant armour {unknown}
Potions
 h - 2 potions of attraction


   Skills:
 - Level 3.0 Fighting
 - Level 3.0 Maces & Flails
 + Level 3.5 Throwing
 - Level 3.0 Dodging


You had 3 spell levels left.
You didn't know any spells.
Your spell library was empty.

Dungeon Overview and Level Annotations

Branches:
Dungeon (4/15)
 Temple: D:4-7

Altars:
Zin

Shops:
D:2 (


Innate Abilities, Weirdness & Mutations

You are a tree.
Your roots penetrate the ground, keeping you stationary.
You cannot be teleported.
You are immune to unholy pain and torment.
Your maximum health is greatly increased.
Your equipment is partially melded.
You are too large for most types of armour.
((You have tough skin. (AC +1)))
You passively map a small area around you.


Message History

* * * LOW HITPOINT WARNING * * *
The hobgoblin hits you but does no damage.
The kobold hits you but does no damage.
It was a potion of resistance.
You feel protected.
You feel sick.
The orc shouts!
The adder bites you.
* * * LOW HITPOINT WARNING * * *
The orc priest hits you but does no damage.
An orc comes into view. It is wielding a +0 hand axe.
The endoplasm jiggles.
The endoplasm freezes you.
You are frozen.
You resist.
* * * LOW HITPOINT WARNING * * *
The hobgoblin hits you but does no damage.
The kobold hits you but does no damage.
It was a potion of mutation.
You feel extremely strange.
You feel a strange attunement to the structure of the dungeons.
* * * LOW HITPOINT WARNING * * *
You feel sick. The adder bites you but does no damage.
The orc priest hits you but does no damage.
An orc priest comes into view. It is wielding a +0 falchion.
The hobgoblin hits you but does no damage.
The endoplasm hits you but does no damage.
The kobold hits you but does no damage.
It was a potion of curing.
You feel better.
The adder bites you but does no damage. x2
The orc priest hits you but does no damage.
The endoplasm hits you but does no damage.
An orc comes into view. It is wielding a +0 club.
The hobgoblin hits you but does no damage.
The kobold hits you but does no damage.
It was a potion of haste.
You feel yourself speed up. The adder bites you.
* * * LOW HITPOINT WARNING * * *
The endoplasm hits you but does no damage.
An orc priest comes into view. It is wielding a +0 dagger.
The orc priest mumbles some strange prayers to Beogh against you.
Beogh smites you!
You die...

,, , , , *
#o# #o# #.# *
#.# #.#
###.#######
#.oKo.....# *
#..♣......#
*#.gSJ.....#
, #..o.<....#
*
#...........#
###..o......#
#.........# *
#.........# ,
#.###o##### ,
.. #.#


You could see 3 orc priests, an adder, 4 orcs, an endoplasm, a hobgoblin and a
kobold.

Vanquished Creatures
  2 adders (D:2)
  An orc (D:2)
  4 ball pythons
  3 endoplasms
  A giant cockroach (D:2)
  2 goblins (D:2)
  4 hobgoblins
  2 jackals (D:2)
  7 kobolds
  2 quokkas
  7 bats
  A frilled lizard (D:1)
  A rat (D:1)
37 creatures vanquished.

Vanquished Creatures (others)
  A plant (D:1)
  4 withered plants (D:1)
5 creatures vanquished.

Grand Total: 42 creatures vanquished

Notes
Turn   | Place    | Note
-------+----------+-------------------------------------------
     0 | D:1      | Smoke131 the Ogre Gladiator began the quest for the Orb.
     0 | D:1      | Reached XP level 1. HP: 22/22 MP: 1/1
   178 | D:1      | Reached XP level 2. HP: 31/31 MP: 2/2
   203 | D:1      | Found a faded altar of an unknown god.
   368 | D:1      | You fall into a shaft and drop 1 floor!
   403 | D:2      | Reached XP level 3. HP: 28/37 MP: 3/3
  1232 | D:2      | Found Zorripo's Weapon Boutique.
  1750 | D:3      | Found a glowing silver altar of Zin.
  1758 | D:3      | Reached XP level 4. HP: 45/45 MP: 4/4
  1831 | D:3      | Noticed an ice beast
  1853 | D:4      | Gained mutation: You passively map a small area around you.
                  | [potion of mutation]
  1853 | D:4      | HP: 3/67 [poisoned by an adder]
  1855 | D:4      | Killed from afar by an orc priest

Illustrated notes

Levels and vault maps discovered:
D:1:      dpeg_arrival_tiny_j, layout_loops_ring,
          shapermc_ecumenical_altar_flowoftime
D:2:      layout_loops_corners, serial_shops, nicolae_shop_crystal, st_stairs_1,
          minmay_misc_feat_room, minmay_misc_feat_ornament
D:3:      layout_basic, mainiacjoe_overflow_brackets, serial_shops,
          nicolae_square_shop, shop, shop_statue, nrook_mini_vaults
D:4:      layout_rooms, gammafunk_ghost_cemetery,
          eino_small_chamber_without_monster, uniq_edmund

Skill      XL: |  1  2  3 |
---------------+----------+-----
Fighting       | 3 |  3.0
Maces & Flails | 3 |  3.0
Dodging        | 3 |  3.0
Throwing       | 3 |  3.5

Action                     |  1- 3 |  4- 6 || total
---------------------------+-------+-------++-------
  Melee: Flail             |    78 |       ||    78
         Short sword       |    53 |    13 ||    66
  Throw: Stone             |     9 |     1 ||    10
         Large rock        |     1 |       ||     1
    Use: Scroll            |     1 |     1 ||     2
         Potion            |       |     5 ||     5
 Armour: Robe              |    60 |     5 ||    65
         Skin              |       |    18 ||    18
  Dodge: Dodged            |    96 |    13 ||   109

Table legend: (Time is in decaauts)
 A = Elapsed time spent in this place.
 B = Non-inter-level travel time spent in this place.
 C = Inter-level travel time spent in this place.
 D = Time resting spent in this place.
 E = Time spent auto-exploring this place.
 F = Levels seen in this place.
 G = Mean time per level.
                   A        B        C        D        E       F      G
               +--------+--------+--------+--------+--------+-----+--------+
         Total |   1874 |   1810 |     64 |      0 |   1195 |   4 |  468.5 |
       Dungeon |   1874 |   1810 |     64 |      0 |   1195 |   4 |  468.5 |
               +--------+--------+--------+--------+--------+-----+--------+

Top non-repeatable levels by time:
     D:2: 960 daAuts
     D:1: 806 daAuts
     D:3: 96 daAuts
     D:4: 10 daAuts
